 Dungeon Crawl Stone Soup version 0.18-a0-1203-gbde16db (webtiles) character file.

558 Leszczynek the Cudgeler (level 7, -1/55 HPs)
             Began as a White Draconian Gladiator on Feb 1, 2016.
             Slain by a killer bee zombie (4 damage)
             ... on level 5 of the Dungeon.
             The game lasted 00:11:01 (4126 turns).

Leszczynek the Cudgeler (White Draconian Gladiator) Turns: 4126, Time: 00:11:02

Health: -1/55      AC:  9    Str: 17    XL:     7   Next: 9%
Magic:  7/7        EV:  8    Int:  8    God:
Gold:   66         SH:  7    Dex: 14    Spells: 0 memorised, 6 levels left

rFire  . . .     SeeInvis .     a - +0 flail
rCold  + . .     Gourm    .     (armour unavailable)
rNeg   . . .     Faith    .     e - +2 buckler
rPois  .         Spirit   .     b - +0 hat
rElec  .         Dismiss  .     h - +1 cloak
rCorr  .         Reflect  .     (no gloves)
SustAt .         Harm     .     g - +0 pair of boots
MR     .....                    (no amulet)
Stlth  +.........               (no ring)
                                (no ring)

@: marked, not resistant to hostile enchantments, very unstealthy
A: breathe frost, unfitting armour, cold resistance 1, cold-blooded, AC +6
a: Breathe Frost


You were on level 5 of the Dungeon.
You were not hungry.

You visited 1 branch of the dungeon, and saw 5 of its levels.

You collected 259 gold pieces.
You spent 193 gold pieces at shops.

Inventory:

Hand Weapons
 a - a +0 flail (weapon)
Missiles
 c - 3 throwing nets
 n - 6 poisoned javelins (quivered)
Armour
 b - a +0 hat (worn)
 e - a +2 buckler (worn)
 g - a +0 pair of boots (worn)
 h - a +1 cloak (worn)
Scrolls
 m - a scroll of identify
 q - a scroll of recharging
 z - a scroll of teleportation
 A - a scroll of blinking
Potions
 f - 3 potions of curing
 i - a potion of flight
 k - a potion of cure mutation
 l - a potion of heal wounds
 o - a potion of agility
 p - a potion of lignification
 r - a potion of berserk rage
 v - a potion of might
 w - 2 potions of poison
 B - a potion of haste {unknown}
 D - a potion of ambrosia
Comestibles
 d - 4 bread rations
 j - 9 chunks of flesh
 t - a meat ration


   Skills:
 - Level 2.1 Fighting
 * Level 7.0 Maces & Flails
 - Level 1.8 Throwing
 - Level 2.6 Dodging
 + Level 3.9 Shields


You had 6 spell levels left.
You didn't know any spells.

Dungeon Overview and Level Annotations

Branches:
Dungeon (5/15)
 Temple: D:4-7

Altars:
Gozag
Pakellas
Qazlal

Shops:
D:4 [??

Annotations:
D:4 sorlin's ghost, amateur DrGl


Innate Abilities, Weirdness & Mutations

You can breathe waves of freezing cold.
You can buffet flying creatures when you breathe cold.
Your icy white scales are hard (AC +6).
Your body does not fit into most forms of armour.
Your flesh is cold resistant.
You are cold-blooded and may be slowed by cold attacks.


Message History

The killer bee zombie barely misses you.
You block the centaur's attack.
A yak comes into view.
You barely miss the centaur.
You block the killer bee zombie's attack.
The centaur wields a shortbow.
The centaur shoots an arrow.
You block the arrow.
The water moccasin zombie barely misses you.
The centaur hits you. The killer bee zombie hits you.
A yak and a giant cockroach come into view.
The centaur shoots an arrow.
The arrow hits you.
The killer bee zombie barely misses you.
The centaur closely misses you.
The water moccasin zombie bites you but does no damage.
The centaur shoots an arrow.
The arrow hits you!
* * * LOW HITPOINT WARNING * * *
The centaur hits you.
* * * LOW HITPOINT WARNING * * *
The killer bee zombie hits you.
You die...

#.......# #.......
#......Y# #.......
#......Y# #.......
#....Y..# #.......
+.......+ #......<
#.Y.....# #.......
######.......# #.......
#......Z.....# #.......
#.....Z@.....# #.......
.......c......#..#####+##
.........†....'c.. #
..............#... +
..#####.......#..# # #
+.......#..# .#
#s......#..# ..
#.......#..##......
#.......#..##.....#


You could see 4 yaks, 2 centaurs, a water moccasin zombie, a killer bee zombie
and a giant cockroach.

Vanquished Creatures
  A phantom (D:4)
  2 scorpions (D:4)
  2 orc wizards
  An orc priest (D:5)
  A centaur skeleton (D:4)
  A worker ant (D:4)
  A hound zombie (D:5)
  2 hound skeletons
  8 adders
  2 oozes
  An adder skeleton (D:4)
  3 worms (D:3)
  3 giant geckos
  9 orcs
  9 bats
  9 giant cockroaches
  6 goblins
  13 hobgoblins
  10 jackals
  A quokka (D:4)
  A giant gecko skeleton (D:4)
  6 giant newts
  6 kobolds
  7 rats
105 creatures vanquished.

Notes
Turn   | Place    | Note
--------------------------------------------------------------
     0 | D:1      | Leszczynek the Draconian Gladiator began the quest for the Orb.
     0 | D:1      | Reached XP level 1. HP: 17/17 MP: 1/1
   104 | D:1      | Reached XP level 2. HP: 21/24 MP: 2/2
   468 | D:1      | Reached skill level 4 in Maces & Flails
   595 | D:1      | Reached XP level 3. HP: 29/29 MP: 3/3
  1256 | D:2      | Reached skill level 1 in Shields
  1383 | D:2      | Reached XP level 4. HP: 32/36 MP: 4/4
  2166 | D:3      | Reached skill level 5 in Maces & Flails
  2209 | D:3      | Reached XP level 5. HP: 33/41 MP: 5/5
  2945 | D:4      | Reached XP level 6. HP: 30/48 MP: 6/6
  3219 | D:4      | Found Sujamicomil's Magic Scroll Emporium.
  3225 | D:4      | Bought a scroll of identify for 20 gold pieces
  3225 | D:4      | Bought a scroll of teleportation for 30 gold pieces
  3225 | D:4      | Bought a scroll of blinking for 75 gold pieces
  3225 | D:4      | Bought a scroll of identify for 20 gold pieces
  3277 | D:4      | Noticed sorlin's ghost (amateur DrGl)
  3463 | D:4      | Reached skill level 6 in Maces & Flails
  3474 | D:4      | Found Quniyfol's Magic Scroll Emporium.
  3484 | D:4      | Bought a scroll of identify for 24 gold pieces
  3484 | D:4      | Bought a scroll of identify for 24 gold pieces
  3698 | D:4      | Found Inus's Antique Armour Boutique.
  3777 | D:4      | Found an opulent altar of Gozag.
  3782 | D:4      | Found a stormy altar of Qazlal.
  3785 | D:4      | Found an oddly glowing altar of Pakellas.
  3957 | D:5      | Entered Level 5 of the Dungeon
  4002 | D:5      | Reached XP level 7. HP: 52/55 MP: 7/7
  4002 | D:5      | Your scales start taking on an icy white colour.
  4002 | D:5      | Gained mutation: Your flesh is cold resistant. [White Draconian growth]
  4074 | D:5      | Reached skill level 7 in Maces & Flails
  4123 | D:5      | Noticed a yak
  4125 | D:5      | Noticed a yak
  4126 | D:5      | Noticed a yak
  4126 | D:5      | Slain by a killer bee zombie

Vault maps used:
D:1:      tarquinn_simple_flora_water_e, roderic_lattice_a, patterned_corridor
D:4:      minmay_overflow_temple_star_quad, serial_shops, shop, shop, shop
D:5:      gup_ossuary_entry_pyramid, first_bread

Action                   |  1- 3 |  4- 6 |  7- 9 || total
-------------------------+-------+-------+-------++-------
Melee: Flail             |   139 |   252 |    28 ||   419
Throw: Javelin           |     1 |       |       ||     1
  Use: Potion            |     1 |     4 |       ||     5
       Scroll            |       |    13 |       ||    13
 Stab: Sleeping          |     3 |     3 |       ||     6
  Eat: Chunk             |     2 |     7 |       ||     9
       Pizza             |       |     1 |       ||     1
